 Dungeon Crawl Stone Soup version 0.20.1-1-g8b1a95d (webtiles) character file.

509757 Bazinga the Slayer (level 24, -6/370 HPs)
             Began as a Minotaur Berserker on Oct 23, 2017.
             Was the Champion of Trog.
             Splashed by a caustic shrike's acid (7 damage)
             ... on level 2 of the Depths.
             The game lasted 02:41:36 (53766 turns).

Bazinga the Slayer (Minotaur Berserker)            Turns: 53766, Time: 02:41:36

Health: -6/370     AC: -6    Str: 30    XL:     24   Next: 29%
Magic:  0/22       EV: 21    Int: 12    God:    Trog [******]
Gold:   5459       SH: 19    Dex: 11    Spells: 23/23 levels left

rFire    . . .     SeeInvis .   X - +9 broad axe (vamp)
rCold    . . .     Gourm    .   Q - +0 shield {reflect}
rNeg     . . .     Faith    +   T - +3 plate armour {MR+}
rPois    .         Spirit   +   (helmet restricted)
rElec    .         Reflect  +   V - scarf {Spirit}
rCorr    .         Harm     .   J - +0 pair of gloves
MR       ++++.                  R - +0 pair of boots {Fly}
Stlth    ..........             P - amulet of faith
Regen    1.8/turn               s - +4 ring of slaying
MPRegen  0.2/turn               L - +5 ring of evasion

@: berserking (expiring), corroded, regenerating, very quick
A: retaliatory headbutt, horns 2, screaming 1
}: 2/15 runes: decaying, gossamer
a: Berserk, Trog's Hand, Brothers in Arms, Burn Spellbooks, Renounce Religion,
Evoke Flight


You were on level 2 of the Depths.
You worshipped Trog.
Trog was exalted by your worship.
You were near starving.

You visited 8 branches of the dungeon, and saw 40 of its levels.
You visited the Abyss 1 time.
You also visited: Bailey, Ice Cave and Desolation.

You collected 6211 gold pieces.
You spent 752 gold pieces at shops.

Inventory:

Hand Weapons
 p - the +5 broad axe of Vonaorad {venom, rC+ MR+++ Dex-2 SInv}
   (Trog gifted it to you on level 3 of the Vaults)

   It poisons the flesh of those it strikes.
   It affects your dexterity (-2).
   It protects you from cold.
   It affects your resistance to hostile enchantments.
   It lets you see invisible.
 v - a +1 broad axe of flaming
 X - a +9 vampiric broad axe (weapon)
Armour
 J - a +0 pair of gloves (worn)
 Q - a +0 shield of reflection (worn)
 R - a +0 pair of boots of flying (worn)
 T - a +3 plate armour of magic resistance (worn)
 V - a scarf of spirit shield (worn)
Jewellery
 q - an uncursed ring of poison resistance
 s - a +4 ring of slaying (left hand)
 K - a cursed ring of teleportation {unknown}
 L - a +5 ring of evasion (right hand)
 P - an amulet of faith (around neck)
 W - the ring "Xoqaniv" {rElec EV+4 Dex+2 Slay-3, unknown}
   (You took it off a spriggan rider on level 2 of the Depths)

   [ring of evasion]

   It affects your evasion (+4).
   It affects your dexterity (+2).
   It affects your accuracy and damage with ranged weapons and melee attacks
   (-3).
   It insulates you from electricity.
Wands
 f - a wand of scattershot (2/9)
 U - a wand of digging (12/24)
Scrolls
 d - 18 scrolls of remove curse
 e - 7 scrolls of enchant weapon
 h - 11 scrolls of magic mapping
 k - 11 scrolls of teleportation
 n - 9 scrolls of fear
 o - 2 scrolls of random uselessness
 u - 11 scrolls of recharging
 x - 4 scrolls of enchant armour
 y - 5 scrolls of noise {unknown}
 z - 3 scrolls of silence
 A - 2 scrolls of vulnerability {unknown}
 E - a scroll of torment {unknown}
 F - 2 scrolls of identify
 I - 2 scrolls of blinking {unknown}
 M - 8 scrolls of fog
 S - 3 scrolls of acquirement {unknown}
 Y - a scroll of summoning {unknown}
Potions
 a - 8 potions of haste
 b - 22 potions of curing
 j - a potion of berserk rage
 l - 11 potions of lignification
 m - 11 potions of mutation
 r - 9 potions of heal wounds
 t - 9 potions of flight
 w - 5 potions of ambrosia
 B - 7 potions of magic
 C - 4 potions of invisibility
 D - 3 potions of cancellation
 H - 3 potions of might
 N - 5 potions of brilliance
 O - 4 potions of resistance
 Z - 5 potions of agility
Comestibles
 c - 26 bread rations
 g - 16 royal jellies
 i - 5 meat rations
 G - 5 chunks of flesh


   Skills:
 + Level 26.9 Fighting
 - Level 20.3 Axes
 - Level 19.0 Armour
 - Level 16.2 Dodging
 - Level 25.4 Shields


You had 23 spell levels left.
You didn't know any spells.

Dungeon Overview and Level Annotations

Branches:
Dungeon (15/15)            Temple (0/1) D:5            Lair (6/6) D:11
  Swamp (4/4) Lair:3       Spider (4/4) Lair:4        Slime (0/5) Lair:6
    Orc (2/2) D:10            Elf (3/3) Orc:2        Vaults (4/5) D:14
  Crypt (0/3) Vaults:2     Depths (2/5) D:15

Altars:
Ashenzari
Cheibriados
Elyvilon
Fedhas
Hepliaklqana
Kikubaaqudgha
Makhleb
Qazlal
Uskayaw
Vehumet
Xom
The Shining One
Beogh
Jiyva

Shops:
D:8 [   Orc:2 *([=   Elf:3 }   Vaults:3 (

Portals:
Hell: Depths:1 Depths:2
Abyss: Depths:2
Pandemonium: Depths:1

Annotations:
Swamp:2 exclusion: Roxanne, Roxanne
Swamp:3 exclusion: 2 oklob plants


Innate Abilities, Weirdness & Mutations

You reflexively headbutt those who attack you in melee.
You have a pair of horns on your head.
You occasionally shout uncontrollably at your foes.


Message History

You barely miss the caustic shrike. x2; You block the caustic shrike's attack.
The caustic shrike claws you!!
* * * LOW HITPOINT WARNING * * *
The acid corrodes you!
You are splashed with acid!
The acid burns!
* * * LOW HITPOINT WARNING * * *
You block the caustic shrike's attack. The caustic shrike claws your cyclops!
Your cyclops is splashed with acid.
You block the caustic shrike's attack.
Your cyclops hits the caustic shrike!!!
You hear a screech! x2
You feel a strong urge to attack something.
A shadow dragon comes into view.
You block the caustic shrike's attack. The caustic shrike claws you!!
* * * LOW HITPOINT WARNING * * *
You are splashed with acid!
The acid burns!
* * * LOW HITPOINT WARNING * * *
The caustic shrike barely misses your cyclops.
The caustic shrike claws you!!
* * * LOW HITPOINT WARNING * * *
The acid corrodes you!
You are splashed with acid!
The acid burns!
You die...

###..#......)...⌠.......#..#
##....''................''...
##......#.##############.#....
##......#### ####...
##.....### ###. ##<.⌠..## ##
#.....## # .....##
############ ....##
###.@b.......### ...##
###.#bbCb##..b.#.### ..##
##.(.''..#⌠8#.)''...## + .##
##(....#..C....[#.....### .#..
##.##...#######D[#...##.##
##....##.#...### #.C.###...#.#
#.≈≈..#..#†(## +.b.b.##..#..
#.≈..##...)## +.⌠...###....
#....#....## #....''###LCH


You could see a shadow dragon, 5 caustic shrikes, an ettin and a friendly
cyclops (berserk).

Vanquished Creatures
  Bai Suzhen (Vaults:4)
  Saint Roka (Orc:2)
  the Lernaean hydra (Swamp:4)
  A golden dragon (Depths:2)
  4 liches
  Rupert (D:14)
  A tentacled monstrosity (Depths:2)
  4 deep elf blademasters (Elf:3)
  Asterion (Spider:4)
  A deep elf master archer (Elf:3)
  The ghost of Jazqa the Warrior, an adept KoBe of Trog (Vaults:1)
  3 tentacled starspawn (Abyss:4)
  A shadow dragon (Vaults:3)
  Kirke (Lair:6)
  A revenant (Vaults:2)
  4 thorn hunters
  Donald (Vaults:4)
  2 tengu reavers
  2 fire giants (Depths:2)
  14 vault wardens
  Aizul (Swamp:4)
  9 frost giants
  5 deep elf sorcerers (Elf:3)
  An orc warlord (Orc:1)
  An iron dragon (shapeshifter) (Depths:2)
  3 imperial myrmidons (Desolation)
  2 deep elf elementalists (Elf:3)
  7 emperor scorpions
  A curse skull (Vaults:2)
  5 ghost moths (Spider:4)
  A ghoul (Vaults:2)
  7 very ugly things
  A war gargoyle (Vaults:3)
  13 ironheart preservers
  9 stone giants
  8 deep elf demonologists
  A halazid warlock (Desolation)
  3 entropy weavers
  12 deep elf annihilators
  Nessos (D:14)
  The ghost of appiemonkey the Brawler, a journeyman TrBe of Trog (IceCv)
  11 spark wasps
  Snorg (Lair:3)
  11 deep elf death magi
  4 crystal guardians
  7 ettins
  8 ragged hierophants (Desolation)
  15 yaktaur captains
  3 rakshasas
  5 ice dragons
  7 fire dragons
  3 great orbs of eyes
  3 deep elf high priests (Elf:3)
  10 ogre magi
  7 peacekeepers (Desolation)
  9 servants of whispers
  9 vault guards
  Erica (Lair:2)
  22 hydras
  11 centaur warriors
  A catoblepas (Lair:2)
  42 two-headed ogres
  8 alligators
  25 dancing weapons
  4 ghost crabs
  3 death knights
  3 deep troll earth magi
  6 deep troll shamans
  6 death yaks (Lair:4)
  A vampire mage (Vaults:2)
  An orc high priest (Orc:1)
  3 tengu warriors
  3 thrashing horrors (Abyss:4)
  27 deep elf knights
  2 spriggan berserkers (Depths:2)
  An iron troll (Depths:2)
  6 skeletal warriors (Vaults:2)
  A storm dragon skeleton (Abyss:4)
  3 shadow wraiths
  4 spriggans
  3 large abominations
  6 unseen horrors
  16 deep trolls
  18 swamp dragons
  3 spriggan druids
  A glowing orange brain (D:15)
  A shambling mangrove (Swamp:3)
  2 phantasmal warriors (Vaults:2)
  4 wizards
  6 starcursed masses (Abyss:4)
  An orb spider (shapeshifter) (Vaults:3)
  3 lindwurms
  A wolf spider zombie (D:13)
  Pikel (D:9)
  8 harpies (Vaults:1)
  28 deep elf archers
  The ghost of tarantulino the Destroyer, a novice DrCj (D:6)
  3 flayed ghosts
  16 orc knights
  3 necromancers
  A mana viper (Abyss:4)
  33 wolf spiders
  74 deep elf magi
  9 ironbrand convokers
  18 orb spiders
  6 orc sorcerers
  7 cyclopes
  A fire giant zombie (Vaults:4)
  46 ugly things
  A sphinx skeleton (Vaults:4)
  A worldbinder (Abyss:4)
  A frost giant skeleton (Vaults:1)
  A salamander (shapeshifter) (Depths:2)
  A manticore (D:11)
  2 centaur zombies
  An ice statue (IceCv)
  3 moths of wrath
  5 elephants (Lair:6)
  A black mamba (shapeshifter) (Depths:2)
  A shock serpent zombie (Abyss:4)
  A guardian serpent (shapeshifter) (Vaults:4)
  9 vault sentinels
  2 molten gargoyles (Desolation)
  4 guardian serpents (Desolation)
  5 black mambas
  5 torpor snails
  A gargoyle (D:11)
  An orange demon (Abyss:4)
  A spriggan zombie (Depths:1)
  2 spiny frogs (shapeshifter)
  16 spiny frogs
  A kobold demonologist (D:12)
  4 rime drakes
  A redback zombie (D:15)
  5 komodo dragons
  31 yaktaurs
  4 freezing wraiths
  A tormentor (Abyss:4)
  17 demonic crawlers
  A rime drake (shapeshifter) (Vaults:1)
  A yaktaur skeleton (Vaults:1)
  A merfolk (D:10)
  30 jumping spiders
  2 tengu conjurers
  An ancient zyme (Abyss:4)
  A meliai (D:14)
  13 trolls
  A merfolk (shapeshifter) (Vaults:3)
  A wind drake (shapeshifter) (Vaults:4)
  A shadow dragon simulacrum (Depths:1)
  14 blink frogs
  2 meliai (shapeshifter)
  A queen bee (shapeshifter) (Depths:1)
  A sphinx simulacrum (Vaults:2)
  13 polar bears (IceCv)
  6 tyrant leeches
  8 bog bodies
  Prince Ribbit (D:9)
  30 hornets
  A hornet (shapeshifter) (Depths:2)
  29 slime creatures
  64 saltlings
  A human simulacrum (Vaults:2)
  5 hippogriffs
  A deep troll zombie (Depths:1)
  A snapping turtle (shapeshifter) (Vaults:3)
  Sigmund (D:5)
  A shadow (D:15)
  25 tarantellas
  4 wyverns
  2 vampires
  71 redbacks
  3 air elementals
  A wraith (D:13)
  3 basilisks
  3 water elementals
  16 humans (D:14)
  2 yaks (shapeshifter)
  3 hungry ghosts
  A fire bat (shapeshifter) (Vaults:2)
  A golden eye (Abyss:4)
  57 yaks
  2 fire elementals
  50 vampire mosquitoes
  18 swamp worms
  A spriggan simulacrum (Depths:1)
  10 insubstantial wisps
  5 acid dragons
  An ogre zombie (Vaults:1)
  11 wargs
  2 wargs (shapeshifter)
  12 water moccasins
  A floating eye (Depths:2)
  6 sky beasts
  9 swamp drakes
  2 hell hounds (D:11)
  7 porcupines
  9 ice beasts
  45 orc warriors
  2 black bears (shapeshifter)
  2 phantoms
  A black bear (D:9)
  3 boggarts (Vaults:2)
  2 eyes of draining
  A slave (D:9)
  A hornet zombie (D:6)
  2 necrophages
  28 ogres
  25 wolves
  26 centaurs
  18 crocodiles
  An elf skeleton (Vaults:4)
  21 bullfrogs
  A big kobold (D:12)
  A gnoll sergeant (D:9)
  A deep troll simulacrum (Vaults:3)
  4 earth elementals
  5 scorpions
  A water moccasin skeleton (D:10)
  3 small abominations
  18 killer bees
  4 howler monkeys
  2 electric eels
  7 crimson imps
  A quasit (D:8)
  2 bullfrog zombies
  6 hounds
  26 orc wizards
  26 orc priests
  2 iguanas
  3 bullfrog skeletons
  8 centaur skeletons
  6 hell rats (Lair:5)
  7 worker ants
  A centaur simulacrum (D:9)
  A killer bee simulacrum (D:9)
  2 worker ant zombies
  7 adders
  16 gnolls
  A howler monkey skeleton (D:5)
  3 shadow imps
  A white imp (D:9)
  An ooze (D:1)
  An adder zombie (D:7)
  An adder skeleton (D:4)
  A worm (D:2)
  9 leopard geckos
  122 orcs
  9 giant cockroaches
  8 goblins
  19 hobgoblins
  6 jackals
  24 kobolds
  A quokka (D:8)
  3 ball pythons
  17 bats
  6 frilled lizards
  8 rats
  7 crawling corpses
  4 fungi
  3 plants
  A starspawn tentacle (Abyss:4)
2050 creatures vanquished.

Vanquished Creatures (collateral kills)
  3 deep elf sorcerers (Elf:3)
  A deep elf demonologist (Elf:3)
  2 deep elf death magi (Elf:3)
  2 deep elf high priests (Elf:3)
  A hydra (Lair:3)
  A death knight (Vaults:2)
  4 dancing weapons (Elf:2)
  Sonja (Lair:3)
  3 skeletal warriors (Vaults:2)
  3 deep elf knights (Elf:2)
  A deep elf archer (Elf:3)
  5 deep elf magi (Elf:2)
  A moth of wrath (Spider:4)
  A torpor snail (Lair:6)
  A freezing wraith (Vaults:2)
  2 meliai (D:14)
  A queen bee (D:14)
  2 tyrant leeches (Lair:6)
  3 hornets
  2 spriggans (Swamp:2)
  13 killer bees (D:14)
53 creatures vanquished.

Vanquished Creatures (others)
  A deep elf master archer (Elf:3)
  A stone giant (Depths:1)
  3 deep elf archers
  A torpor snail (Spider:4)
  A yaktaur (Vaults:4)
  2 tyrant leeches
  A human (Lair:6)
  A slave (D:9)
  An ogre (Vaults:4)
  A quokka (D:15)
  7 fungi
  10 plants
  9 starspawn tentacles (Abyss:4)
39 creatures vanquished.

Grand Total: 2142 creatures vanquished

Notes
Turn   | Place    | Note
-------+----------+-------------------------------------------
     0 | D:1      | Bazinga the Minotaur Berserker began the quest for the Orb.
     0 | D:1      | Reached XP level 1. HP: 19/19 MP: 0/0
    92 | D:1      | Reached XP level 2. HP: 25/27 MP: 1/1
   104 | D:1      | Reached skill level 4 in Fighting
   750 | D:2      | Reached XP level 3. HP: 20/34 MP: 2/2
   775 | D:2      | Found a radiant altar of Vehumet.
   797 | D:2      | Found a stormy altar of Qazlal.
   942 | D:2      | Reached ** piety under Trog
  1098 | D:2      | Found a shimmering altar of Xom.
  1099 | D:2      | Found a shimmering altar of Xom.
  1355 | D:3      | Reached skill level 5 in Axes
  1355 | D:3      | Reached XP level 4. HP: 25/41 MP: 3/3
  1613 | D:3      | Reached skill level 5 in Fighting
  1614 | D:3      | Reached XP level 5. HP: 48/48 MP: 4/4
  1777 | D:3      | Reached *** piety under Trog
  2333 | D:4      | Found a burning altar of Makhleb.
  2450 | D:4      | Reached skill level 6 in Fighting
  2786 | D:5      | Entered Level 5 of the Dungeon
  2826 | D:5      | Found a blossoming altar of Fedhas.
  2834 | D:5      | Found a shattered altar of Ashenzari.
  2838 | D:5      | Noticed a sky beast
  2844 | D:5      | Killed a sky beast
  2844 | D:5      | Reached XP level 6. HP: 58/58 MP: 5/5
  2898 | D:5      | Noticed Sigmund
  2909 | D:5      | Killed Sigmund
  2909 | D:5      | Reached skill level 7 in Fighting
  2909 | D:5      | Reached XP level 7. HP: 66/66 MP: 6/6
  3058 | D:5      | Found a staircase to the Ecumenical Temple.
  3353 | D:5      | Reached skill level 8 in Fighting
  3511 | D:6      | Noticed a troll
  3516 | D:6      | Killed a troll
  3516 | D:6      | Reached XP level 8. HP: 75/75 MP: 1/7
  3677 | D:6      | Reached skill level 9 in Fighting
  3785 | D:6      | Reached **** piety under Trog
  3804 | D:6      | Noticed tarantulino's ghost (novice DrCj)
  3819 | D:6      | Killed tarantulino's ghost
  3819 | D:6      | Reached skill level 10 in Fighting
  3819 | D:6      | Reached skill level 10 in Axes
  4416 | D:7      | Reached XP level 9. HP: 85/85 MP: 8/8
  5518 | D:8      | Found Garif's Antique Armour Shop.
  5759 | D:8      | Found a hazy altar of Hepliaklqana.
  5761 | D:8      | Found an ancient bone altar of Kikubaaqudgha.
  5842 | D:8      | Found a hide-covered altar of Uskayaw.
  5852 | D:8      | Noticed a hand axe
  5853 | D:8      | Noticed a dagger
  5872 | D:8      | Noticed a two-headed ogre
  5879 | D:8      | Killed a two-headed ogre
  6070 | D:9      | Reached XP level 10. HP: 93/93 MP: 9/9
  6111 | D:9      | Noticed Prince Ribbit
  6126 | D:9      | Killed Prince Ribbit
  6192 | D:9      | Noticed Pikel
  6228 | D:9      | Killed Pikel
  6466 | D:9      | Reached ***** piety under Trog
  6480 | D:9      | Reached skill level 11 in Fighting
  6480 | D:9      | Reached skill level 5 in Armour
  6602 | D:9      | Found a snail-covered altar of Cheibriados.
  6934 | D:10     | Entered Level 10 of the Dungeon
  7142 | D:10     | Reached skill level 5 in Dodging
  7166 | D:10     | Found a staircase to the Orcish Mines.
  7192 | D:10     | Reached XP level 11. HP: 64/104 MP: 10/10
  7476 | D:10     | Got a crystal trident
  7477 | D:10     | Identified the +4 trident of Fimbulwinter {venom, rPois MR+ Stlth-} (You found it on level 10 of the Dungeon)
  8026 | D:11     | Noticed a seven-headed hydra
  8036 | D:11     | Killed a 14-headed hydra
  8036 | D:11     | Reached skill level 12 in Fighting
  8882 | D:11     | Found a staircase to the Lair.
  8938 | D:11     | Reached skill level 5 in Shields
  8941 | D:11     | Received a gift from Trog
  9018 | D:11     | Noticed a red ugly thing
  9027 | D:11     | Killed a red ugly thing
  9027 | D:11     | Reached skill level 13 in Fighting
  9646 | D:12     | Noticed a centaur warrior
  9646 | D:12     | Noticed an ogre mage
  9647 | D:12     | Noticed a centaur warrior
  9647 | D:12     | Noticed an ogre mage
  9649 | D:12     | Noticed an ogre mage
  9665 | D:12     | Noticed a cyan ugly thing
  9675 | D:12     | Killed a cyan ugly thing
  9778 | D:12     | Received a gift from Trog
  9938 | D:12     | Noticed a red ugly thing
  9948 | D:12     | Killed a red ugly thing
 10120 | D:12     | Reached XP level 12. HP: 90/116 MP: 11/11
 10498 | Orc:1    | Entered Level 1 of the Orcish Mines
 10498 | Orc:1    | Noticed an orc high priest
 10505 | Orc:1    | Killed an orc high priest
 10505 | Orc:1    | Reached skill level 14 in Fighting
 10592 | Orc:1    | Found a flagged portal.
 10609 | Bailey   | Entered a bailey
 11259 | Orc:1    | Noticed an orc warlord
 11359 | Lair:1   | Entered Level 1 of the Lair of Beasts
 11691 | Lair:1   | Reached skill level 15 in Axes
 12237 | Lair:2   | Noticed Erica
 12250 | Lair:2   | Killed Erica
 12598 | Lair:2   | Noticed a catoblepas
 12607 | Lair:2   | Killed a catoblepas
 12711 | Lair:2   | Noticed a five-headed hydra
 12717 | Lair:2   | Killed a five-headed hydra
 13379 | Lair:3   | Noticed Sonja
 13388 | Lair:3   | Killed Sonja
 13399 | Lair:3   | Noticed a four-headed hydra
 13401 | Lair:3   | Found a staircase to the Swamp.
 13404 | Lair:3   | Killed a four-headed hydra
 13500 | Lair:3   | Found a frozen archway.
 13526 | IceCv    | Entered an ice cave
 13569 | IceCv    | Noticed appiemonkey's ghost (journeyman TrBe)
 13585 | IceCv    | Killed appiemonkey's ghost
 13797 | IceCv    | Reached XP level 13. HP: 106/124 MP: 12/12
 14553 | IceCv    | Received a gift from Trog
 14616 | IceCv    | Noticed a frost giant
 14638 | IceCv    | Killed a frost giant
 14740 | Lair:3   | Noticed Snorg
 14748 | Lair:3   | Killed Snorg
 14748 | Lair:3   | Reached skill level 10 in Armour
 15782 | Lair:4   | Found a hole to the Spider Nest.
 15798 | Lair:4   | Reached skill level 15 in Fighting
 16350 | Lair:4   | Got a dazzling dagger
 16355 | Lair:4   | Identified the +9 dagger of Rotation {venom, *Contam Dex+4} (You found it on level 4 of the Lair of Beasts)
 16627 | Lair:4   | Reached skill level 10 in Dodging
 17040 | Lair:5   | Reached XP level 14. HP: 136/136 MP: 13/13
 17115 | Lair:5   | Reached skill level 16 in Fighting
 17600 | Lair:6   | Entered Level 6 of the Lair of Beasts
 17603 | Lair:6   | Found a staircase to the Slime Pits.
 17603 | Lair:6   | Found a viscous altar of Jiyva.
 18151 | Lair:6   | Received a gift from Trog
 18378 | Lair:6   | Reached ****** piety under Trog
 18404 | Lair:6   | Found a runed door.
 18581 | Lair:6   | Reached skill level 15 in Dodging
 19162 | Lair:6   | Noticed Kirke
 19172 | Lair:6   | Killed Kirke
 20030 | Orc:1    | Paralysed by an orc sorcerer for 3 turns
 20041 | Orc:1    | Killed an orc warlord
 20358 | Orc:2    | Entered Level 2 of the Orcish Mines
 20368 | Orc:2    | Paralysed by an orc sorcerer for 5 turns
 20391 | Orc:2    | Found a roughly hewn altar of Beogh.
 20392 | Orc:2    | Found a staircase to the Elven Halls.
 20467 | Orc:2    | Received a gift from Trog
 20743 | Orc:2    | Found a roughly hewn altar of Beogh.
 20745 | Orc:2    | Found Roamp's General Store.
 20766 | Orc:2    | Bought a scroll of identify for 30 gold pieces
 20847 | Orc:2    | Found a roughly hewn altar of Beogh.
 21224 | Orc:2    | Received a gift from Trog
 21511 | Orc:2    | Found a roughly hewn altar of Beogh.
 21582 | Orc:2    | Reached XP level 15. HP: 141/145 MP: 14/14
 21592 | Orc:2    | Found a roughly hewn altar of Beogh.
 21799 | Orc:2    | Found a roughly hewn altar of Beogh.
 21911 | Orc:2    | Found a roughly hewn altar of Beogh.
 21912 | Orc:2    | Found Kuogom's Jewellery Emporium.
 21932 | Orc:2    | Bought an uncursed ring of see invisible for 180 gold pieces
 22025 | Orc:2    | Noticed Saint Roka
 22039 | Orc:2    | Killed Saint Roka
 22040 | Orc:2    | Found Ufuhocw's Antique Weapon Shop.
 22042 | Orc:2    | Found a roughly hewn altar of Beogh.
 22050 | Orc:2    | Received a gift from Trog
 22051 | Orc:2    | Found Vanudy's Antique Armour Boutique.
 22082 | Orc:2    | Bought a runed scarf for 280 gold pieces
 22082 | Orc:2    | Bought a glowing cloak for 262 gold pieces
 22658 | D:13     | Reached skill level 17 in Fighting
 23529 | D:14     | Found a gate to the Vaults.
 23529 | D:14     | Noticed Nessos
 23529 | D:14     | Noticed Rupert
 23533 | D:14     | Received a gift from Trog
 23548 | D:14     | Killed Rupert
 23552 | D:14     | Killed Nessos
 24543 | D:15     | Entered Level 15 of the Dungeon
 24647 | D:15     | Reached skill level 18 in Fighting
 24703 | D:15     | Received a gift from Trog
 24709 | D:15     | Found a staircase to the Depths.
 24950 | D:15     | Found a white marble altar of Elyvilon.
 25724 | Swamp:1  | Entered Level 1 of the Swamp
 25755 | Swamp:1  | Noticed a thorn hunter
 25767 | Swamp:1  | Killed a thorn hunter
 25767 | Swamp:1  | Reached XP level 16. HP: 157/157 MP: 15/15
 25778 | Swamp:1  | Reached skill level 10 in Shields
 26901 | Swamp:1  | Got a translucent short sword
 27861 | Swamp:2  | Noticed Roxanne
 27886 | Swamp:2  | Received a gift from Trog
 28160 | Swamp:2  | Identified the cursed +2 short sword of Vuoga {protect, rN++ Int-2} (You found it on level 1 of the Swamp)
 28505 | Swamp:3  | Got a black opal-studded chain mail
 28542 | Swamp:3  | Identified the +1 chain mail "Biloho" {Regen+ Int+2} (You found it on level 3 of the Swamp)
 29384 | Swamp:3  | Noticed a thorn hunter
 29384 | Swamp:3  | Noticed a thorn hunter
 29401 | Swamp:3  | Killed a thorn hunter
 29402 | Swamp:3  | Killed a thorn hunter
 29413 | Swamp:3  | Noticed a thorn hunter
 29417 | Swamp:3  | Killed a thorn hunter
 29760 | Swamp:3  | Reached skill level 15 in Shields
 29787 | Swamp:4  | Entered Level 4 of the Swamp
 29934 | Swamp:4  | Received a gift from Trog
 30072 | Swamp:4  | Noticed the 27-headed Lernaean hydra
 30720 | Swamp:4  | Noticed Aizul
 30730 | Swamp:4  | Killed the 27-headed Lernaean hydra
 30730 | Swamp:4  | Reached XP level 17. HP: 90/163 MP: 6/16
 30739 | Swamp:4  | Killed Aizul
 31530 | Swamp:4  | Got a decaying rune of Zot
 32034 | Vaults:1 | Entered Level 1 of the Vaults
 32206 | Vaults:1 | Noticed Jazqa's ghost (adept KoBe)
 32269 | Vaults:1 | Killed Jazqa's ghost
 32317 | Vaults:1 | Reached XP level 18. HP: 153/173 MP: 8/17
 32443 | Vaults:1 | Received a gift from Trog
 32448 | Vaults:1 | Got an ebony battleaxe {god gift}
 32458 | Vaults:1 | Identified the +4 battleaxe "Hiomybim" {venom, rN+ Int+2} (Trog gifted it to you on level 1 of the Vaults)
 33464 | Vaults:1 | Received a gift from Trog
 33464 | Vaults:1 | Reached skill level 19 in Fighting
 33582 | Vaults:1 | Got a slimy ring mail
 33626 | Vaults:1 | Got a dazzling scale mail
 33637 | Vaults:1 | Identified the +9 scale mail of Umohuenuz {rF+ MR+} (You found it on level 1 of the Vaults)
 33647 | Vaults:1 | Identified the +5 ring mail "Cousiz" {*Drain rC+++ rN++ Dex-5} (You took it off an orc on level 1 of the Vaults)
 33734 | Vaults:2 | Reached XP level 19. HP: 167/182 MP: 18/18
 33982 | Vaults:2 | Reached skill level 15 in Armour
 34264 | Vaults:2 | Found a staircase to the Crypt.
 34529 | Vaults:2 | Received a gift from Trog
 35086 | Vaults:2 | Got an uncursed polished war axe {chop}
 35087 | Vaults:2 | Identified the +7 war axe of Hatred {chop, rC+} (You took it off a yaktaur on level 2 of the Vaults)
 35133 | Vaults:2 | Reached skill level 20 in Fighting
 35139 | Vaults:2 | HP: 8/185 [yaktaur captain/bolt (3)]
 35650 | Vaults:2 | Received a gift from Trog
 36247 | Vaults:3 | Reached XP level 20. HP: 154/193 MP: 14/19
 36328 | Vaults:3 | Found a glowing golden altar of the Shining One.
 36952 | Vaults:3 | Received a gift from Trog
 36970 | Vaults:3 | Got a warped broad axe {god gift}
 36971 | Vaults:3 | Identified the +5 broad axe of Vonaorad {venom, rC+ MR+++ Dex-2 SInv} (Trog gifted it to you on level 3 of the Vaults)
 37001 | Vaults:3 | Found Luciugur's Weapon Shoppe.
 38117 | Vaults:4 | Received a gift from Trog
 38943 | Vaults:4 | Noticed Bai Suzhen
 38965 | Vaults:4 | Killed Bai Suzhen
 39088 | Vaults:4 | Received a gift from Trog
 39264 | Vaults:4 | Reached XP level 21. HP: 188/201 MP: 20/20
 39723 | Vaults:4 | Noticed Donald
 39738 | Vaults:4 | Killed Donald
 40613 | Elf:1    | Entered Level 1 of the Elven Halls
 41165 | Elf:1    | Received a gift from Trog
 41561 | Elf:1    | Got an ivory glaive
 41567 | Elf:1    | Identified the cursed +1 glaive "Eginiram" {drain, +Inv MR- SInv Stlth+} (You found it on level 1 of the Elven Halls)
 41704 | Elf:2    | Found a ruined gateway.
 41876 | Desolati | Entered the Desolation of Salt
 41948 | Desolati | Got a twisted leather armour
 41950 | Desolati | Got a brightly glowing ivory ring
 41964 | Desolati | Identified the Disquisition on the Twisted Birds
 42134 | Desolati | Received a gift from Trog
 42226 | Desolati | Cast into level 4 of the Abyss (imperial myrmidon)
 42438 | Abyss:4  | Found a corrupted altar of Lugonu.
 42481 | Desolati | Escaped the Abyss
 42606 | Desolati | Identified the +3 leather armour of Catatonia {Str+3} (You found it in the Desolation of Salt)
 42622 | Desolati | Identified the ring "Osmiwa" {Int+4 Dex+2} (You found it in the Desolation of Salt)
 42769 | Desolati | Identified the Disquisition on Warped Good Luck
 42778 | Desolati | Got an iridescent hunting sling
 42968 | Desolati | Received a gift from Trog
 42972 | Desolati | Reached XP level 22. HP: 209/209 MP: 13/21
 43030 | Desolati | Received a gift from Trog
 43212 | Elf:2    | Identified the +2 hunting sling "Nemistro" {velocity, rPois rC+ Str+4 SInv} (You found it in the Desolation of Salt)
 43438 | Elf:2    | Found a runed gate.
 43438 | Elf:2    | Found a runed gate.
 43439 | Elf:2    | Found a runed gate.
 43453 | Elf:2    | Received a gift from Trog
 44485 | Elf:3    | Entered Level 3 of the Elven Halls
 44769 | Elf:3    | Found a huge runed gate.
 44770 | Elf:3    | Found a huge runed gate.
 44771 | Elf:3    | Found a huge runed gate.
 44772 | Elf:3    | Found a huge runed gate.
 44774 | Elf:3    | Found a huge runed gate.
 44776 | Elf:3    | Found a huge runed gate.
 44779 | Elf:3    | Found a huge runed gate.
 44786 | Elf:3    | Found a huge runed gate.
 44792 | Elf:3    | Found a huge runed gate.
 45287 | Elf:3    | Received a gift from Trog
 45303 | Elf:3    | Reached skill level 21 in Fighting
 45520 | Elf:3    | Found a huge runed gate.
 45520 | Elf:3    | Found a huge runed gate.
 45520 | Elf:3    | Found a huge runed gate.
 45520 | Elf:3    | Found a huge runed gate.
 45534 | Elf:3    | Found a huge runed gate.
 45534 | Elf:3    | Found a huge runed gate.
 45534 | Elf:3    | Found a huge runed gate.
 45603 | Elf:3    | Found Ysoruti's Gadget Emporium.
 45682 | Elf:3    | Found a huge runed gate.
 45683 | Elf:3    | Got a slimy copper ring
 45684 | Elf:3    | Got a twisted battleaxe {chop}
 45688 | Elf:3    | Found a huge runed gate.
 45691 | Elf:3    | Found a huge runed gate.
 45814 | Elf:3    | Reached skill level 22 in Fighting
 46075 | Elf:3    | Got a smoking turquoise ring
 46077 | Elf:3    | Got a twisted hand crossbow
 46081 | Elf:3    | Identified the Papyrus of Frigorific Moulding
 46095 | Elf:3    | Identified the ring of the First Tales {rCorr *Drain +Blink rF+} (You found it on level 3 of the Elven Halls)
 46097 | Elf:3    | Identified the ring of Xom's Bemusement {Wiz rPois Str+2} (You took it off a deep elf high priest on level 3 of the Elven Halls)
 46133 | Elf:3    | Got a shimmering war axe
 46154 | Elf:3    | Got an ichor-stained short sword
 46178 | Elf:3    | Got a transparent robe
 46201 | Elf:3    | Identified the +1 robe of Eternal Night {rPois rC+ Slay-2} (You found it on level 3 of the Elven Halls)
 46201 | Elf:3    | Identified the +9 short sword of Optimality {drain, *Rage Int+3 Dex+2} (You found it on level 3 of the Elven Halls)
 46202 | Elf:3    | Identified the +9 hand crossbow of Fortitude {venom, rC+ Dex+5} (You found it on level 3 of the Elven Halls)
 46204 | Elf:3    | Identified the +9 war axe "Loyger" {protect, *Corrode Int+6} (You found it on level 3 of the Elven Halls)
 46225 | Elf:3    | Identified the cursed +1 battleaxe of Nightmares {chop, rElec MP+9 Int-5 Dex+7} (You took it off a deep elf high priest on level 3 of the Elven Halls)
 46227 | Elf:3    | Received a gift from Trog
 46340 | Elf:3    | Found a huge runed gate.
 46340 | Elf:3    | Found a huge runed gate.
 46340 | Elf:3    | Found a huge runed gate.
 46340 | Elf:3    | Found a huge runed gate.
 46347 | Elf:3    | Found a huge runed gate.
 46348 | Elf:3    | Found a huge runed gate.
 46349 | Elf:3    | Found a huge runed gate.
 46350 | Elf:3    | Found a huge runed gate.
 46383 | Elf:3    | Gained mutation: You occasionally shout uncontrollably at your foes. [a cacodemon]
 46386 | Elf:3    | Reached XP level 23. HP: 225/225 MP: 14/22
 46751 | Lair:2   | Reached skill level 23 in Fighting
 46856 | Spider:1 | Entered Level 1 of the Spider Nest
 46872 | Spider:1 | Received a gift from Trog
 47304 | Spider:1 | Found a roughly hewn altar of Beogh.
 48085 | Spider:2 | Received a gift from Trog
 48891 | Spider:3 | Reached skill level 24 in Fighting
 49234 | Spider:3 | Received a gift from Trog
 49643 | Spider:4 | Entered Level 4 of the Spider Nest
 49902 | Spider:4 | Noticed Asterion
 49923 | Spider:4 | Killed Asterion
 50232 | Spider:4 | Received a gift from Trog
 50949 | Spider:4 | Reached skill level 25 in Fighting
 50970 | Spider:4 | Paralysed by a hornet for 3 turns
 51108 | Spider:4 | Got a gossamer rune of Zot
 51550 | Depths:1 | Entered Level 1 of the Depths
 51680 | Depths:1 | Found a one-way gate leading to the halls of Pandemonium.
 51801 | Depths:1 | Received a gift from Trog
 51918 | Depths:1 | Found a gateway to Hell.
 52697 | Depths:2 | Found a one-way gate to the infinite horrors of the Abyss.
 52715 | Depths:2 | Reached skill level 26 in Fighting
 52826 | Depths:2 | Reached XP level 24. HP: 245/245 MP: 0/22
 53289 | Depths:2 | Paralysed by a hornet for 3 turns
 53301 | Depths:2 | Got a coiled iron ring
 53364 | Depths:2 | Received a gift from Trog
 53606 | Depths:2 | Paralysed by a floating eye for 2 turns
 53766 | Depths:2 | HP: 1/370 [caustic shrike (20)]
 53766 | Depths:2 | Splashed by a caustic shrike's acid

Skill      XL: |  1  2  3  4  5  6  7  8  9 10 11 12 13 14 15 16 17 18 19 20 21 22 23 |
---------------+----------------------------------------------------------------------+-----
Axes           | 4 5 6 7 8 11 14 17 18 19 20 | 20.3
Fighting       | 4 5 6 7 8 10 11 13 14 15 16 18 19 20 22 26 | 26.9
Armour         | 6 7 8 10 13 14 16 18 19 | 19.0
Dodging        | 5 6 7 11 16 | 16.2
Shields        | 7 9 16 17 18 19 21 24 25 | 25.4

Action                   |  1- 3 |  4- 6 |  7- 9 | 10-12 | 13-15 | 16-18 | 19-21 | 22-24 || total
-------------------------+-------+-------+-------+-------+-------+-------+-------+-------++-------
Melee: Hand axe          |    94 |    42 |       |   185 |   221 |       |       |       ||   542
       Headbutt          |    14 |    10 |    39 |   122 |   273 |   188 |   325 |   308 ||  1279
       War axe           |       |    34 |   179 |   391 |       |       |       |       ||   604
       Trident           |       |       |       |    75 |   502 |   227 |       |       ||   804
       Broad axe         |       |       |       |       |   542 |   713 |  1355 |  1434 ||  4044
       Executioner's axe |       |       |       |       |    38 |       |       |       ||    38
Invok: Berserk           |       |     3 |    10 |    21 |    33 |    18 |    26 |    20 ||   131
       Trog's Hand       |       |     1 |     1 |     9 |    11 |     7 |    19 |    23 ||    71
       Burn Spellbooks   |       |       |     1 |     1 |     1 |     1 |     1 |     3 ||     8
       Brothers in Arms  |       |       |       |     1 |     3 |     1 |     3 |     6 ||    14
 Abil: Stop Flying       |       |       |       |       |       |       |     1 |       ||     1
  Use: Scroll            |       |       |     7 |     5 |     5 |     7 |    13 |    13 ||    50
       Potion            |       |       |       |       |     1 |     1 |     3 |       ||     5
 Stab: Distracted        |       |       |       |       |       |       |       |     1 ||     1
       Held in net/web   |       |       |       |       |       |       |       |     1 ||     1
  Eat: Chunk             |     1 |     6 |    20 |    35 |    70 |    20 |    46 |    46 ||   244
       Royal jelly       |       |       |     1 |     1 |     2 |     9 |     2 |       ||    15
       Fruit             |       |       |       |     2 |       |     6 |     3 |     1 ||    12
       Meat ration       |       |       |       |     2 |       |     1 |     4 |     5 ||    12
Armor: Animal skin       |    26 |     2 |       |       |       |       |       |       ||    28
       Plate armour      |       |    47 |   115 |   305 |   463 |   483 |   224 |   524 ||  2161
       Scale mail        |       |       |       |       |       |     3 |    49 |       ||    52
Dodge: Dodged            |    62 |    32 |    67 |   237 |   523 |   436 |   409 |   721 ||  2487
Block: Buckler           |       |       |       |    97 |   201 |       |       |       ||   298
       Shield            |       |       |       |       |    84 |   478 |   277 |  1126 ||  1965
       Large shield      |       |       |       |       |       |   197 |   717 |       ||   914
       Reflection        |       |       |       |       |       |       |    17 |    76 ||    93
